 Dungeon Crawl Stone Soup version 0.26-a0-660-gc07710193c (webtiles) character file.

Game seed: 5684232464360662546

84 marklar909 the Charlatan (level 4, -5/26 HPs)
             Began as a Kobold Artificer on Oct 5, 2020.
             Was an Initiate of Nemelex Xobeh.
             Slain by a kobold
             ... wielding a +0 whip of electrocution
              (15 damage)
             ... on level 3 of the Dungeon.
             The game lasted 00:03:16 (2674 turns).

marklar909 the Charlatan (Kobold Artificer)         Turns: 2674, Time: 00:03:16

Health: -5/26      AC:  4    Str:  9    XL:     4   Next: 74%
Magic:  4/4        EV: 15    Int: 12    God:    Nemelex Xobeh [......]
Gold:   150        SH:  0    Dex: 16    Spells: 3/3 levels left

rFire    . . .     SeeInvis .   s - +0 short sword
rCold    . . .     Faith    .   (shield restricted)
rNeg     . . .     Spirit   .   b - +0 leather armour
rPois    .         Reflect  .   (no helmet)
rElec    .         Harm     .   (no cloak)
rCorr    .         Rampage  .   g - +0 pair of gloves
MR       .....                  (no boots)
Stlth    +++.......             (no amulet)
HPRegen  0.08/turn              (no ring)
MPRegen  0.09/turn              (no ring)

@: no status effects
A: small, nightstalker 3
a: Draw Escape, Draw Destruction, Draw Summoning, Renounce Religion


You were on level 3 of the Dungeon.
You worshipped Nemelex Xobeh.
Nemelex Xobeh was noncommittal.
You visited 1 branch of the dungeon, and saw 3 of its levels.

You collected 150 gold pieces.

Inventory:

Hand Weapons
 p - a cursed -1 dagger
 s - a +0 short sword (weapon)
Missiles
 a - 11 poisoned darts (quivered)
Armour
 b - a +0 leather armour (worn)
 g - a +0 pair of gloves (worn)
Wands
 c - a wand of flame (14)
 d - a wand of enslavement (22)
Scrolls
 e - 2 scrolls of immolation {unknown}
 f - a scroll of magic mapping {unknown}
 j - a scroll of identify
 l - a scroll of amnesia {unknown}
 r - a scroll of random uselessness {unknown}
Potions
 h - 3 potions of heal wounds
 k - 2 potions of degeneration {unknown}
 m - a potion of berserk rage {unknown}
 n - 2 potions of curing {unknown}
 o - a potion of lignification {unknown}
 q - a potion of haste {unknown}


   Skills:
 * Level 1.6 Fighting
 * Level 2.2 Short Blades
   Level 0.1 Maces & Flails
 + Level 0.1 Throwing
 * Level 1.4 Armour
 * Level 3.0 Dodging
 + Level 2.3 Stealth
 * Level 0.1 Invocations
 + Level 4.3 Evocations


You had 3 spell levels left.
You didn't know any spells.
Your spell library was empty.

Dungeon Overview and Level Annotations

Branches:
Dungeon (3/15)

Altars:
Hepliaklqana
Nemelex Xobeh


Innate Abilities, Weirdness & Mutations

You are small and have problems with some larger weapons.
You are completely attuned to the shadows.


Message History

The jackal is lightly wounded.
The jackal bites you. The kobold barely misses you.
Throwing (i - inventory)
a - 13 poisoned darts (quivered)
Press: ? - help, Shift-Dir - straight line, f - kobold
Aim: a kobold, wielding a +0 whip of electrocution You throw a poisoned dart.
The poisoned dart hits the kobold.
The kobold is poisoned.
The jackal completely misses you. The jackal misses you.
The kobold hits you with a +0 whip of electrocution.
You are electrocuted!
Throwing (i - inventory)
a - 12 poisoned darts (quivered)
Press: ? - help, Shift-Dir - straight line, f/p - kobold
Aim: a kobold, wielding a +0 whip of electrocution (poisoned)
You throw a poisoned dart. The poisoned dart hits the kobold.
The kobold looks even sicker.
The jackal bites you but does no damage.
The kobold hits you but does no damage.
You are electrocuted!
Ouch! That really hurt!
You die...
Your body disappears without a glow.

#.####.#. #.###.#..
#.##.###. ####.#.##
## .....<..###.
###......#.. .#######
#..####.## ...h(..##
#.........
.(rK@(.>####.########
.#####.........#
##.###†.#.# #.#
#.##.# #.# #.# # #.#
#.# #.# #.#


You could see a jackal, a kobold (very poisoned) and a rat.

Vanquished Creatures
  An adder (D:2)
  An ooze (D:1)
  A worm (D:2)
  4 dart slugs (D:1)
  A leopard gecko (D:1)
  An orc (D:3)
  9 bats
  3 giant cockroaches
  5 goblins
  4 hobgoblins
  10 jackals
  5 kobolds
  A ball python (D:2)
  2 frilled lizards (D:1)
  7 rats
55 creatures vanquished.

Notes
Turn   | Place    | Note
-------+----------+-------------------------------------------
     0 | D:1      | marklar909 the Kobold Artificer began the quest for the
                  | Orb.
     0 | D:1      | Reached XP level 1. HP: 12/12 MP: 1/1
    89 | D:1      | Reached skill level 4 in Evocations
   241 | D:1      | Reached XP level 2. HP: 16/16 MP: 2/2
   682 | D:1      | Reached XP level 3. HP: 20/20 MP: 3/3
   713 | D:1      | Reached skill level 1 in Armour
   794 | D:1      | Reached skill level 1 in Short Blades
  1648 | D:2      | Reached XP level 4. HP: 25/25 MP: 4/4
  1694 | D:2      | Found a hazy altar of Hepliaklqana.
  2402 | D:3      | Found a sparkling altar of Nemelex Xobeh.
  2451 | D:3      | Became a worshipper of Nemelex Xobeh the Trickster
  2674 | D:3      | Slain by a kobold

Illustrated notes

Levels and vault maps discovered:
D:1:      minmay_arrival_widening_spiral_wide, layout_basic, nrook_uturn
D:2:      layout_rooms, nicolae_overflow_crystal_walls
D:3:      layout_loops_ring, lemuel_doored_altar, kennysheep_generic_room_7,
          uniq_grinder

Skill      XL: |  1  2  3  4 |
---------------+-------------+-----
Evocations     | 4 |  4.3
Armour         | 1 |  1.4
Short Blades   | 1 2 |  2.2
Stealth        | 2 |  2.3
Dodging        | 3 |  3.0
Fighting       | |  1.6
Maces & Flails | |  0.1
Throwing       | |  0.1
Invocations    | |  0.1

Action                   |  1- 3 |  4- 6 || total
-------------------------+-------+-------++-------
Melee: Club              |    15 |       ||    15
       Dagger            |   155 |    35 ||   190
       Short sword       |       |    21 ||    21
Throw: Dart              |       |    10 ||    10
Evoke: Wand              |       |     1 ||     1
  Use: Scroll            |       |     1 ||     1
 Stab: Sleeping          |    15 |    10 ||    25
       Distracted        |       |     1 ||     1
Armor: Leather armour    |    30 |    12 ||    42
Dodge: Dodged            |   144 |    46 ||   190

Table legend: (Time is in decaauts)
 A = Elapsed time spent in this place.
 B = Non-inter-level travel time spent in this place.
 C = Inter-level travel time spent in this place.
 D = Time resting spent in this place.
 E = Time spent auto-exploring this place.
 F = Levels seen in this place.
 G = Mean time per level.
                   A        B        C        D        E       F      G
               +--------+--------+--------+--------+--------+-----+--------+
         Total |   2669 |   2386 |    283 |    261 |   1673 |   3 |  889.7 |
       Dungeon |   2669 |   2386 |    283 |    261 |   1673 |   3 |  889.7 |
               +--------+--------+--------+--------+--------+-----+--------+

Top non-repeatable levels by time:
     D:1: 1599 daAuts
     D:2: 778 daAuts
     D:3: 291 daAuts
